 Dungeon Crawl Stone Soup version 0.28-a0-1213-g0243856f03 (webtiles) character file.

Game seed: 15796296320970733654

141 oldriver the Vandal (level 5, -2/31 HPs)
             Began as a Kobold Hunter on Dec 21, 2021.
             Killed from afar by an orc wizard (11 damage)
             ... with a magic dart
             ... on level 4 of the Dungeon.
             The game lasted 00:05:41 (4385 turns).

oldriver the Vandal (Kobold Hunter)                 Turns: 4385, Time: 00:05:42

Health: -2/31      AC:  3    Str:  9    XL:     5   Next: 48%
Magic:  5/5        EV: 15    Int: 12    God:
Gold:   125        SH:  8    Dex: 18    Spells: 4/4 levels left

rFire   . . .      SeeInvis .   a - +1 hunting sling
rCold   . . .      Faith    .   k - +0 kite shield
rNeg    . . .      Spirit   .   c - +0 leather armour
rPois   +          Reflect  .   (no helmet)
rElec   .          Harm     .   (no cloak)
rCorr   .          Rampage  .   (no gloves)
Will    .....                   (no boots)
Stlth   +++.......              (no amulet)
HPRegen 0.10/turn               e - +4 ring of evasion
MPRegen 0.09/turn               (no ring)

@: unable to read
A: small, no large weapons, nightstalker 3, poison resistance, inability to read
while threatened
a: no special abilities


You were on level 4 of the Dungeon.
You visited 1 branch of the dungeon, and saw 4 of its levels.

You collected 125 gold pieces.

Inventory:

Hand Weapons
 a - a +1 hunting sling (weapon)
 b - a +0 short sword
Missiles
 d - 2 sling bullets (quivered ammo)
 h - 94 stones
 n - a throwing net
Armour
 c - a +0 leather armour (worn)
 k - a +0 kite shield (worn)
Jewellery
 e - a +4 ring of evasion (left hand)
Scrolls
 m - 3 scrolls of identify
 o - a scroll of teleportation
Potions
 l - a potion of brilliance
 s - a potion of flight {unknown}


   Skills:
 * Level 2.6 Fighting
 * Level 5.7 Slings
 + Level 1.0 Armour
 + Level 2.4 Dodging
 + Level 2.1 Stealth
 + Level 0.3 Shields


You had 4 spell levels left.
You didn't know any spells.
Your spell library contained the following spells:

 Spells                   Type           Power      Damage    Failure   Level
 Foxfire                  Conj/Fire      0%         2x1d4     97%         1
 Sublimation of Blood     Necr           0%         N/A       99%         2
 Wereblood                Tmut           0%         N/A       99%         2
 Conjure Flame            Conj/Fire      0%         6-21      100%        3
 Inner Flame              Hex/Fire       0%         N/A       100%        3
 Flame Wave               Conj/Fire      0%         2d4       100%        4
 Summon Hydra             Summ           0%         N/A       100%        7


Dungeon Overview and Level Annotations

Branches:
Dungeon (4/15)
 Temple: D:4-7

Altars:
Elyvilon

Shops:
D:1 [   D:2 *(*

Annotations:
D:4 Pargi


Innate Abilities, Weirdness & Mutations

You are small and have problems with some larger weapons.
You are completely attuned to the shadows.
Your system is resistant to poisons. (rPois)
You sometimes lose the ability to read scrolls when taking damage.


Message History

The orc barely misses you.
You shoot a sling bullet. The sling bullet hits the orc.
You kill the orc!
No target in view!
Fire: 7 sling bullets
Press: ? - help, Q - select action, (/) - cycle Shift-Dir - straight line You shoot a sling bullet.
Something hits you but does no damage. Something barely misses you.
Fire: 6 sling bullets
Press: ? - help, Q - select action, (/) - cycle Shift-Dir - straight line You shoot a sling bullet.
Something hits you.
An orc priest comes into view. It is wielding a +0 falchion.
Fire: 5 sling bullets
Press: ? - help, Q - select action, (/) - cycle Shift-Dir - straight line, f - orc priest
Aim: an orc priest, wielding a +0 falchion and wearing a +0 leather armour (64% to hit)
You shoot a sling bullet. You block something's attack.
You shoot a sling bullet. Something hits you.
You shoot a sling bullet. Something hits you.
You feel threatened and lose the ability to read scrolls!
You hear some strange, mumbled words.
A magic dart appears from out of thin air!
The magic dart hits you!
* * * LOW HITPOINT WARNING * * *
You are too injured to fight recklessly!
You are too injured to fight recklessly!
Unknown command.
You are too injured to fight recklessly!
You are too injured to fight recklessly!
You miss something. Something hits you but does no damage.
The orc priest looks braver for a moment.
You clumsily bash something but do no damage.
You hear the rapid hiss of a very distant avalanche of sand.
You can read scrolls again.
You hear some strange, mumbled words.
A magic dart appears from out of thin air!
The magic dart hits you!
You feel threatened and lose the ability to read scrolls!
You die...

####.#####'##
#.....?..#.#
##.#.###.#.#
#.#...# #.# #.#.#.#
#.#####
#.###.#.#......
#..............
########.#####.....
).o{@....#...#.....
########.'.⌠.'.####
#####.#...#.#
#.....#####.#
#...........#
#...........#
##...........#
#............#
#####............#


You could see an orc priest.

Vanquished Creatures
  A hound (D:4)
  4 gnolls (D:3)
  An adder (D:3)
  A worm (D:2)
  7 orcs
  2 bats
  4 endoplasms
  4 giant cockroaches
  4 hobgoblins
  4 jackals
  3 kobolds (D:2)
  A quokka (D:3)
  4 ball pythons
  4 frilled lizards
  4 goblins
  4 rats
52 creatures vanquished.

Vanquished Creatures (others)
  3 plants (D:3)
3 creatures vanquished.

Grand Total: 55 creatures vanquished

Notes
Turn   | Place    | Note
-------+----------+-------------------------------------------
     0 | D:1      | oldriver the Kobold Hunter began the quest for the Orb.
     0 | D:1      | Reached XP level 1. HP: 12/12 MP: 1/1
   439 | D:1      | Reached XP level 2. HP: 18/18 MP: 2/2
   613 | D:1      | Found Cocaag's Armour Shoppe.
  1273 | D:2      | Found Sarhy's Assorted Antiques.
  1400 | D:2      | Reached XP level 3. HP: 22/22 MP: 3/3
  1413 | D:2      | Found Vekut's Weapon Boutique.
  1594 | D:2      | Found a white marble altar of Elyvilon.
  1812 | D:2      | Found a faded altar of an unknown god.
  2018 | D:2      | Found Cett's Assorted Antiques.
  2363 | D:3      | Reached skill level 5 in Slings
  2363 | D:3      | Reached XP level 4. HP: 26/27 MP: 4/4
  3260 | D:3      | Reached XP level 5. HP: 17/31 MP: 5/5
  3708 | D:4      | Reached skill level 1 in Armour
  3804 | D:4      | Noticed Pargi
  4083 | D:4      | Gained mutation: You sometimes lose the ability to read
                  | scrolls when taking damage. [potion of mutation]
  4083 | D:4      | Gained mutation: Your system is resistant to poisons.
                  | (rPois) [potion of mutation]
  4385 | D:4      | Killed from afar by an orc wizard

Illustrated notes

Levels and vault maps discovered:
D:1:      mrwooster_arrival_arrow, layout_basic, serial_shops, shop
D:2:      minmay_chambers_of_ones, layout_loops_ring, serial_shops, shop,
          nicolae_square_shop, nicolae_shop_advertising_works
          [nicolae_subvault_shop_adworks], basic_altar,
          chequers_ecumenical_altar_twisty, supply_closet_lemuel
D:3:      layout_basic, serial_bayou_crossing
D:4:      layout_basic, nicolae_ossuary_entry_catacombs, minmay_misc_feat_room,
          nicolae_figureground_pulse, uniq_natasha, uniq_pargi

Skill      XL: |  1  2  3  4  5 |
---------------+----------------+-----
Stealth        | 2 |  2.1
Slings         | 5 |  5.7
Armour         | 1 |  1.0
Fighting       | |  2.6
Dodging        | |  2.4
Shields        | |  0.3

Action                   |  1- 3 |  4- 6 || total
-------------------------+-------+-------++-------
Melee: Hunting sling     |       |     2 ||     2
 Fire: Hunting sling     |    88 |    89 ||   177
  Use: Scroll            |       |     6 ||     6
       Potion            |       |     5 ||     5
Armor: Leather armour    |     4 |    12 ||    16
Dodge: Dodged            |    25 |    61 ||    86
Block: Kite shield       |     4 |    35 ||    39

Table legend: (Time is in decaauts)
 A = Elapsed time spent in this place.
 B = Non-inter-level travel time spent in this place.
 C = Inter-level travel time spent in this place.
 D = Time resting spent in this place.
 E = Time spent auto-exploring this place.
 F = Levels seen in this place.
 G = Mean time per level.
                   A        B        C        D        E       F      G
               +--------+--------+--------+--------+--------+-----+--------+
         Total |   4424 |   4291 |    133 |    937 |   2776 |   4 | 1106.0 |
       Dungeon |   4424 |   4291 |    133 |    937 |   2776 |   4 | 1106.0 |
               +--------+--------+--------+--------+--------+-----+--------+

Top non-repeatable levels by time:
     D:3: 1605 daAuts
     D:1: 1234 daAuts
     D:2: 1011 daAuts
     D:4: 572 daAuts
